 Dungeon Crawl Stone Soup version 0.22-a0-149-g870e420 (webtiles) character file.

585 sankara the Vexing (level 7, -8/52 HPs)
             Began as a Gnoll Arcane Marksman on Feb 7, 2018.
             Mangled by an ice beast (14 damage)
             ... on level 5 of the Dungeon.
             The game lasted 00:15:58 (6289 turns).

sankara the Vexing (Gnoll Arcane Marksman)          Turns: 6289, Time: 00:15:59

Health: -8/52      AC:  2    Str: 12    XL:     7   Next: 37%
Magic:  6/12       EV: 16    Int: 15    God:
Gold:   269        SH:  0    Dex: 18    Spells: 0/13 levels left

rFire    + + .     SeeInvis .   b - +1 dagger (venom)
rCold    . . .     Gourm    .   (no shield)
rNeg     . . .     Faith    .   e - +0 robe
rPois    .         Spirit   .   (no helmet)
rElec    .         Reflect  .   (no cloak)
rCorr    .         Harm     .   (no gloves)
MR       .....                  (no boots)
Stlth    ++........             (no amulet)
HPRegen  0.17/turn              o - ring of protection from fire
MPRegen  0.13/turn              E - ring of protection from fire

@: no status effects
A: distributed training, fangs 1, strong nose
a: no special abilities


You were on level 5 of the Dungeon.
You were hungry.

You visited 1 branch of the dungeon, and saw 5 of its levels.
You also visited: Sewer.

You collected 269 gold pieces.

Inventory:

Hand Weapons
 a - a +0 shortbow
 b - a +1 dagger of venom (weapon)
 h - a +0 hand axe
Missiles
 d - 25 arrows
 m - 158 stones (quivered)
 p - 42 sling bullets
 q - 8 tomahawks
 A - 12 poisoned needles
Armour
 e - a +0 robe (worn)
Jewellery
 o - a ring of protection from fire (left hand)
 E - a ring of protection from fire (right hand)
Wands
 y - a wand of random effects (24)
 C - a wand of flame (25)
 G - a wand of disintegration (8)
Scrolls
 g - a scroll of magic mapping
 i - a scroll of noise {unknown}
 j - 3 scrolls of identify {unknown}
 k - 3 scrolls of fear {unknown}
 s - 3 scrolls of teleportation
 u - a scroll of random uselessness {unknown}
 v - 2 scrolls of amnesia {unknown}
 w - a scroll of enchant armour {unknown}
 x - a scroll of enchant weapon {unknown}
 z - a scroll of blinking {unknown}
 D - 2 scrolls of remove curse {unknown}
Potions
 l - 4 potions of curing {unknown}
 n - a potion of mutation {unknown}
 r - 4 potions of flight
 t - 2 potions of brilliance {unknown}
 B - a potion of agility {unknown}
Books
 c - a book of Debilitation

   Spells                             Type                      Level
   a - Corona                         Hexes                        1
   b - Slow                           Hexes                        2
   c - Inner Flame                    Hexes/Fire                   3
   d - Portal Projectile              Hexes/Translocation          3
   e - Cause Fear                     Hexes                        4
   f - Leda's Liquefaction            Hexes/Earth                  4
Comestibles
 f - 11 rations
 F - 4 chunks of flesh


   Skills:
 + Level 3.5 Fighting
 + Level 2.4 Short Blades
 + Level 2.4 Long Blades
 + Level 2.4 Axes
 + Level 2.4 Maces & Flails
 + Level 2.4 Polearms
 + Level 2.4 Staves
 + Level 2.4 Slings
 + Level 5.2 Bows
 + Level 2.4 Crossbows
 + Level 2.4 Throwing
 + Level 2.4 Armour
 + Level 5.2 Dodging
 + Level 2.4 Stealth
 + Level 2.4 Shields
 + Level 2.4 Unarmed Combat
 + Level 3.7 Spellcasting
 + Level 2.0 Conjurations
 + Level 5.8 Hexes
 + Level 2.0 Charms
 + Level 2.0 Summonings
 + Level 2.0 Necromancy
 + Level 2.0 Translocations
 + Level 2.0 Transmutations
 + Level 2.0 Fire Magic
 + Level 2.0 Ice Magic
 + Level 2.0 Air Magic
 + Level 2.0 Earth Magic
 + Level 2.0 Poison Magic
 + Level 2.6 Invocations
 + Level 2.4 Evocations


You couldn't memorise any spells.
You knew the following spells:

 Your Spells              Type           Power        Failure   Level  Hunger
a - Corona                Hex            ###....      1%          1    None
b - Slow                  Hex            ###.....     2%          2    ##.....
c - Inner Flame           Hex/Fire       ##......     11%         3    ###....
d - Portal Projectile     Hex/Tloc       ##....       11%         3    ###....
e - Cause Fear            Hex            ###.......   17%         4    ####...


Dungeon Overview and Level Annotations

Branches:
Dungeon (5/15)
 Temple: D:4-7

Altars:
Dithmenos
Hepliaklqana
Vehumet
Wu Jian

Annotations:
D:5 sankara's ghost, novice GrEE


Innate Abilities, Weirdness & Mutations

Your experience applies equally to all skills.
You have very sharp teeth.
Your uncanny sense of smell can sniff out nearby items.


Message History

You are too injured to fight recklessly!
You are too injured to fight recklessly!
You hit the ice beast.
The ice beast is poisoned.
The ice beast is heavily wounded.
The ice beast hits you.
* * * LOW HITPOINT WARNING * * *
The ice beast freezes you!
* * * LOW HITPOINT WARNING * * *
You hit the ice beast. Your bite misses the ice beast.
The ice beast is severely wounded.
The ice beast closely misses you.
You completely miss the ice beast.
The ice beast is severely wounded.
You hit the ice beast but do no damage.
You bite the ice beast, but do no damage.
The ice beast is severely wounded.
The ice beast hits you.
* * * LOW HITPOINT WARNING * * *
The ice beast freezes you!
You die...

# ### ##.#. #.# #####...#.# #.#
#...Y.....######.###
#.@................
#.##.#..........W..
############.##.#...#..###.#.#
#.............$...............
#...########..#............#.#
#...# #..###...#.####.#.# #...#
#..# #..........#.#
####...########..####..#.######.#
..................>....#.# #.#


You could see an ice beast.

Vanquished Creatures
  An ogre (D:5)
  A phantom (D:4)
  A scorpion (D:4)
  An iguana (D:4)
  A merfolk siren (Sewer)
  2 worker ants
  A merfolk avatar (Sewer)
  9 adders
  4 river rats (Sewer)
  An ooze (D:2)
  An adder zombie (D:4)
  A worm (D:3)
  A dart slug (D:2)
  3 leopard geckos
  5 orcs
  5 ball pythons
  5 bats
  9 giant cockroaches
  10 goblins
  6 hobgoblins
  10 jackals
  9 kobolds
  3 quokkas
  10 frilled lizards
  20 rats
120 creatures vanquished.

Notes
Turn   | Place    | Note
-------+----------+-------------------------------------------
     0 | D:1      | sankara the Gnoll Arcane Marksman began the quest for the Orb.
     0 | D:1      | Reached XP level 1. HP: 17/17 MP: 4/4
    96 | D:1      | Reached XP level 2. HP: 23/23 MP: 5/5
   467 | D:1      | Learned a level 2 spell: Slow
   622 | D:2      | Reached XP level 3. HP: 28/28 MP: 7/7
   633 | D:2      | Found a shadowy altar of Dithmenos.
   659 | D:2      | You fall through a shaft for 2 floors!
   997 | D:4      | Noticed a scorpion
  1004 | D:4      | Killed a scorpion
  1004 | D:4      | Reached skill level 1 in Short Blades
  1004 | D:4      | Reached skill level 1 in Long Blades
  1004 | D:4      | Reached skill level 1 in Axes
  1004 | D:4      | Reached skill level 1 in Maces & Flails
  1004 | D:4      | Reached skill level 1 in Polearms
  1004 | D:4      | Reached skill level 1 in Staves
  1004 | D:4      | Reached skill level 1 in Slings
  1004 | D:4      | Reached skill level 1 in Crossbows
  1004 | D:4      | Reached skill level 1 in Throwing
  1004 | D:4      | Reached skill level 1 in Armour
  1004 | D:4      | Reached skill level 1 in Stealth
  1004 | D:4      | Reached skill level 1 in Shields
  1004 | D:4      | Reached skill level 1 in Unarmed Combat
  1004 | D:4      | Reached skill level 1 in Invocations
  1004 | D:4      | Reached skill level 1 in Evocations
  1004 | D:4      | Reached XP level 4. HP: 20/34 MP: 8/8
  1010 | D:4      | Learned a level 3 spell: Inner Flame
  1323 | D:3      | Found a hazy altar of Hepliaklqana.
  1488 | D:3      | Reached skill level 1 in Conjurations
  1488 | D:3      | Reached skill level 1 in Charms
  1488 | D:3      | Reached skill level 1 in Summonings
  1488 | D:3      | Reached skill level 1 in Necromancy
  1488 | D:3      | Reached skill level 1 in Translocations
  1488 | D:3      | Reached skill level 1 in Transmutations
  1488 | D:3      | Reached skill level 1 in Fire Magic
  1488 | D:3      | Reached skill level 1 in Ice Magic
  1488 | D:3      | Reached skill level 1 in Air Magic
  1488 | D:3      | Reached skill level 1 in Earth Magic
  1488 | D:3      | Reached skill level 1 in Poison Magic
  1490 | D:3      | Found a glowing drain.
  1498 | D:3      | Learned a level 3 spell: Portal Projectile
  1508 | Sewer    | Entered a sewer
  1709 | Sewer    | Reached XP level 5. HP: 38/40 MP: 9/9
  2247 | Sewer    | Noticed a malarious merfolk avatar
  2280 | Sewer    | Killed a malarious merfolk avatar
  2280 | Sewer    | Reached XP level 6. HP: 10/47 MP: 10/10
  3314 | D:3      | Found a radiant altar of Vehumet.
  4071 | D:2      | Reached skill level 5 in Bows
  4071 | D:2      | Reached skill level 5 in Dodging
  4201 | D:2      | Found an ornate altar of the Wu Jian Council.
  4490 | D:4      | Noticed a phantom
  4847 | D:4      | Killed a phantom
  5167 | D:4      | Reached XP level 7. HP: 18/52 MP: 7/12
  5788 | D:5      | Entered Level 5 of the Dungeon
  5788 | D:5      | Noticed sankara's ghost (novice GrEE)
  6141 | D:5      | Learned a level 4 spell: Cause Fear
  6289 | D:5      | Mangled by an ice beast

Vault maps used:
D:1:      sevenhm_arrival_forest_fort_large_4, minivault_25
D:2:      lemuel_round_altar, grunt_dithmenos_smoke_and_mirrors
D:3:      old_standard_altar, vehumet_crystals, portal_sewer_entry_d
D:4:      first_ration
D:5:      lemuel_doored_altar
Sewer:    sewer_sea

Skill      XL: |  1  2  3  4  5  6  7 |
---------------+----------------------+-----
Short Blades   | 1 2 |  2.4
Long Blades    | 1 2 |  2.4
Axes           | 1 2 |  2.4
Maces & Flails | 1 2 |  2.4
Polearms       | 1 2 |  2.4
Staves         | 1 2 |  2.4
Slings         | 1 2 |  2.4
Crossbows      | 1 2 |  2.4
Throwing       | 1 2 |  2.4
Armour         | 1 2 |  2.4
Stealth        | 1 2 |  2.4
Shields        | 1 2 |  2.4
Unarmed Combat | 1 2 |  2.4
Spellcasting   | 3 |  3.7
Invocations    | 1 2 |  2.6
Evocations     | 1 2 |  2.4
Conjurations   | 1 2 |  2.0
Charms         | 1 2 |  2.0
Summonings     | 1 2 |  2.0
Necromancy     | 1 2 |  2.0
Translocations | 1 2 |  2.0
Transmutations | 1 2 |  2.0
Fire Magic     | 1 2 |  2.0
Ice Magic      | 1 2 |  2.0
Air Magic      | 1 2 |  2.0
Earth Magic    | 1 2 |  2.0
Poison Magic   | 1 2 |  2.0
Fighting       | 3 |  3.5
Bows           | 5 |  5.2
Dodging        | 5 |  5.2
Hexes          | |  5.8

Action                   |  1- 3 |  4- 6 |  7- 9 || total
-------------------------+-------+-------+-------++-------
Melee: Dagger            |    19 |   323 |    39 ||   381
       Bite              |     2 |    47 |     7 ||    56
       Punch             |       |     3 |       ||     3
 Fire: Shortbow          |    50 |    14 |     9 ||    73
 Cast: Corona            |     1 |     4 |     4 ||     9
       Portal Projectile |       |     2 |       ||     2
       Slow              |       |     5 |     6 ||    11
  Use: Scroll            |       |     1 |       ||     1
       Potion            |       |     1 |       ||     1
 Stab: Sleeping          |       |     8 |     1 ||     9
  Eat: Chunk             |       |    12 |     2 ||    14
       Ration            |       |     1 |       ||     1
Armor: Robe              |     6 |    32 |     4 ||    42
Dodge: Dodged            |    10 |   228 |    21 ||   259

Table legend:
 A = Spawn XP
 B = Non-spawn XP
 C = Spawn XP percentage of total XP
 D = Spawn monster count
 E = Non-spawn monster count
 F = Spawn count percentage of total count
 G = Total turns spent on level
                    A         B        C        D         E        F      G
               +---------+---------+-------+---------+---------+-------+---------
         Total |       0 |     836 |   0.0 |       0 |     120 |   0.0 |  6289
               +---------+---------+-------+---------+---------+-------+---------
           D:1 |       0 |      33 |   0.0 |       0 |      18 |   0.0 |   617
           D:2 |       0 |      55 |   0.0 |       0 |      21 |   0.0 |   632
           D:3 |       0 |     101 |   0.0 |       0 |      28 |   0.0 |  1677
           D:4 |       0 |     308 |   0.0 |       0 |      12 |   0.0 |  1949
           D:5 |       0 |     158 |   0.0 |       0 |       2 |   0.0 |   261
         Sewer |       0 |     181 |   0.0 |       0 |      39 |   0.0 |  1153
               +---------+---------+-------+---------+---------+-------+---------
